 Dungeon Crawl Stone Soup version 0.22.0 (webtiles) character file.

14813 Blackhawk the Cleaver (level 11, -21/104 HPs)
             Began as a Minotaur Berserker on Nov 3, 2018.
             Was a High Priest of Trog.
             Demolished by a spiny frog (28 damage)
             ... on level 3 of the Lair of Beasts.
             The game lasted 00:22:42 (13602 turns).

Blackhawk the Cleaver (Minotaur Berserker)         Turns: 13602, Time: 00:22:43

Health: -21/104    AC: 17    Str: 24    XL:     11   Next: 93%
Magic:  10/10      EV: 15    Int:  4    God:    Trog [*****.]
Gold:   942        SH:  0    Dex: 15    Spells: 10/10 levels left

rFire    + . .     SeeInvis .   W - +0 battleaxe (elec)
rCold    + . .     Gourm    .   (shield currently unavailable)
rNeg     . . .     Faith    .   L - +0 chain mail
rPois    .         Spirit   .   C - +2 hat
rElec    .         Reflect  .   h - scarf {rC+ rF+}
rCorr    .         Harm     .   l - +0 pair of gloves
MR       +....                  j - +0 pair of boots
Stlth    ..........             f - amulet of regeneration
HPRegen  0.67/turn              g - +4 ring of dexterity
MPRegen  0.12/turn              D - ring of protection from magic

@: lethally poisoned (-21 -> -22), sleeping
A: retaliatory headbutt, horns 2
a: Berserk, Trog's Hand, Brothers in Arms, Renounce Religion


You were on level 3 of the Lair of Beasts.
You worshipped Trog.
Trog was extremely pleased with you.
You were not hungry.

You visited 2 branches of the dungeon, and saw 14 of its levels.

You collected 942 gold pieces.

Inventory:

Hand Weapons
 b - a +2 shortbow of freezing
 F - a +0 vampiric falchion
 W - a +0 battleaxe of electrocution (weapon)
Missiles
 e - 2 throwing nets (quivered)
 n - 234 arrows
 v - 101 sling bullets
 y - 86 bolts
Armour
 h - a scarf of resistance (worn)
 j - a +0 pair of boots (worn)
 l - a +0 pair of gloves (worn)
 C - a +2 hat (worn)
 L - a +0 chain mail (worn)
Jewellery
 f - an amulet of regeneration (around neck)
 g - a +4 ring of dexterity (left hand)
 t - an uncursed ring of resist corrosion
 D - a ring of protection from magic (right hand)
 E - a +6 ring of intelligence
 H - an uncursed ring of flight
 U - an uncursed ring of see invisible
Wands
 a - a wand of flame (28)
 q - a wand of random effects (28)
 A - a wand of polymorph (10)
 J - a wand of iceblast (8)
 T - a wand of clouds (13)
 V - a wand of paralysis (6)
Scrolls
 k - 8 scrolls of teleportation
 o - 2 scrolls of torment
 r - a scroll of identify
 s - 6 scrolls of enchant weapon
 u - 2 scrolls of magic mapping
 x - 6 scrolls of remove curse
 B - 2 scrolls of fog
 K - a scroll of fear {unknown}
 M - 3 scrolls of enchant armour {unknown}
 N - 2 scrolls of blinking {unknown}
 O - 5 scrolls of amnesia {unknown}
 Q - a scroll of brand weapon {unknown}
 S - 3 scrolls of vulnerability {unknown}
Potions
 d - a potion of mutation {unknown}
 i - 2 potions of lignification {unknown}
 m - 6 potions of curing
 p - a potion of ambrosia {unknown}
 w - 2 potions of agility
 z - a potion of magic {unknown}
 G - 3 potions of flight {unknown}
 I - a potion of cancellation {unknown}
 P - 2 potions of heal wounds {unknown}
 X - a potion of berserk rage {unknown}
 Y - a potion of brilliance {unknown}
Miscellaneous
 Z - 2 boxes of beasts
Comestibles
 c - 31 rations
 R - 5 chunks of flesh


   Skills:
 + Level 11.6 Fighting
 * Level 12.9 Axes
 + Level 11.3 Armour
 + Level 10.5 Dodging


You had 10 spell levels left.
You didn't know any spells.
Your spell library was empty.

Dungeon Overview and Level Annotations

Branches:
Dungeon (11/15)            Temple (0/1) D:4            Lair (3/6) D:11
  Swamp: Lair:2-4    Shoals: Lair:2-4     Snake: Lair:2-4    Spider: Lair:2-4
    Orc: D:9-12

Altars:
Fedhas
Gozag
Hepliaklqana
Makhleb
Nemelex Xobeh
Trog
Wu Jian
Xom
Zin

Shops:
D:6 (


Innate Abilities, Weirdness & Mutations

You reflexively headbutt those who attack you in melee.
You have a pair of horns on your head.


Message History

The spiny frog poisons you!
You feel very sick. The spiny frog barely misses you. You furiously retaliate!
You headbutt the spiny frog.
The dream sheep bites you but does no damage.
You feel sick. The spiny frog closely misses you.
You feel yourself speed up.
You feel sick.
The dream sheep ruffle their wool and motes of dream dust sparkle, to no effect.
The spiny frog closely misses you. You furiously retaliate!
You headbutt the spiny frog, but do no damage.
You feel sick.
You feel sick.
The dream sheep ruffles its wool and motes of dream dust sparkle, to no effect.
You feel sick.
You feel sick.
The dream sheep shake their wool and sparkle.
You feel drowsy...
You fall asleep.
You feel sick. The spiny frog closely misses you. The spiny frog stings you!!
You die...

..............#
#.........)# P#....<..##
.............. ##...##.#
##P............ ##.#####
#..............
#.########.............
#####..#.##..##............
............#.#
#..........#
...........@F.# #........#
<...[.........## #†.....#
...............####.#...##
...............Y##.....##
...............YY.YY....#
.................#####.#...
....>.............# ..(..
..................######
...........#P.####


You could see a spiny frog and 3 dream sheep.

Vanquished Creatures
  Gastronok (Lair:1)
  A two-headed ogre (D:11)
  A deep elf mage (D:10)
  2 ugly things (D:11)
  Maurice (D:11)
  A centaur zombie (D:11)
  3 spiny frogs
  A kobold demonologist (D:11)
  A queen bee (Lair:2)
  2 trolls (D:11)
  2 meliai (D:10)
  A dream sheep (Lair:3)
  4 hippogriffs
  A spriggan (D:7)
  3 wyverns
  A vampire (D:10)
  5 yaks (Lair:2)
  A basilisk (Lair:2)
  Edmund (D:5)
  Menkaure (D:5)
  A porcupine (Lair:2)
  2 water moccasins (Lair:1)
  2 black bears (D:8)
  A sky beast (D:7)
  2 orc warriors
  An ice beast (D:5)
  2 phantoms
  2 ogres (D:4)
  6 centaurs
  5 wolves (Lair:1)
  A crocodile (Lair:1)
  Blork the orc (D:4)
  3 big kobolds (D:11)
  7 bullfrogs
  A gnoll sergeant (D:7)
  A wyvern zombie (D:9)
  A scorpion (D:11)
  15 killer bees
  4 crimson imps
  2 howler monkeys (D:7)
  2 bullfrog zombies
  A quasit (D:7)
  A centaur skeleton (D:11)
  10 orc priests
  A hound (D:2)
  4 jellies
  15 orc wizards
  4 iguanas
  9 worker ants
  2 hound skeletons
  A worker ant zombie (D:8)
  7 adders
  4 gnolls (D:7)
  2 shadow imps
  3 oozes
  3 adder skeletons
  4 worms
  4 dart slugs
  2 leopard geckos
  46 orcs
  A ball python (D:3)
  5 bats
  5 giant cockroaches
  5 goblins
  8 hobgoblins
  12 jackals
  6 quokkas
  11 frilled lizards
  A jackal zombie (D:5)
  14 kobolds
  A quokka skeleton (D:7)
  6 rats
  2 fungi
  A plant (Lair:2)
297 creatures vanquished.

Vanquished Creatures (collateral kills)
  12 killer bees (Lair:2)
12 creatures vanquished.

Vanquished Creatures (others)
  A howler monkey (D:5)
  A fungus (Lair:2)
2 creatures vanquished.

Grand Total: 311 creatures vanquished

Notes
Turn   | Place    | Note
-------+----------+-------------------------------------------
     0 | D:1      | Blackhawk the Minotaur Berserker began the quest for the Orb.
     0 | D:1      | Reached XP level 1. HP: 19/19 MP: 0/0
   372 | D:1      | Reached XP level 2. HP: 27/27 MP: 1/1
   486 | D:1      | Reached skill level 4 in Axes
   627 | D:1      | Reached XP level 3. HP: 33/33 MP: 2/2
   703 | D:1      | Reached ** piety under Trog
  1379 | D:2      | Reached XP level 4. HP: 39/40 MP: 3/3
  2222 | D:3      | Noticed a centaur
  2227 | D:3      | Killed a centaur
  2227 | D:3      | Reached skill level 5 in Axes
  2227 | D:3      | Reached XP level 5. HP: 32/47 MP: 4/4
  2473 | D:3      | Reached skill level 5 in Fighting
  2501 | D:3      | Reached XP level 6. HP: 12/56 MP: 5/5
  3087 | D:3      | Found an opulent altar of Gozag.
  3137 | D:3      | Reached *** piety under Trog
  3189 | D:3      | Found a burning altar of Makhleb.
  3189 | D:3      | Found a bloodstained altar of Trog.
  3452 | D:4      | Reached XP level 7. HP: 52/62 MP: 6/6
  3457 | D:4      | Reached skill level 5 in Armour
  3702 | D:4      | Reached skill level 6 in Axes
  3735 | D:4      | Reached skill level 5 in Dodging
  3899 | D:4      | Found a staircase to the Ecumenical Temple.
  4192 | D:5      | Entered Level 5 of the Dungeon
  4193 | D:5      | Noticed Edmund
  4207 | D:5      | Killed Edmund
  4215 | D:5      | Noticed Blork the orc
  4518 | D:4      | Reached XP level 8. HP: 51/71 MP: 7/7
  4640 | D:4      | Killed Blork the orc
  4747 | D:5      | Found a hazy altar of Hepliaklqana.
  4963 | D:5      | Reached skill level 7 in Axes
  4982 | D:5      | Noticed Menkaure
  4987 | D:5      | Killed Menkaure
  5445 | D:5      | Found a blossoming altar of Fedhas.
  5518 | D:5      | Found a sparkling altar of Nemelex Xobeh.
  5904 | D:6      | Found Qudojymu's Antique Weapon Shoppe.
  5911 | D:6      | Found the +2 Maxwell's thermic engine {flame, freeze}
  6074 | D:6      | Reached **** piety under Trog
  6472 | D:7      | Reached XP level 9. HP: 64/81 MP: 8/8
  6641 | D:7      | Reached skill level 8 in Axes
  7831 | D:8      | Found a sparkling altar of Nemelex Xobeh.
  7882 | D:8      | Found an ornate altar of the Wu Jian Council.
  7982 | D:8      | Reached skill level 9 in Axes
  9095 | D:9      | Found a glowing silver altar of Zin.
  9473 | D:9      | Found an opulent altar of Gozag.
  9551 | D:9      | Found a hazy altar of Hepliaklqana.
  9552 | D:9      | Found a shimmering altar of Xom.
  9553 | D:9      | Noticed a spectral ugly thing
  9673 | D:10     | Entered Level 10 of the Dungeon
  9779 | D:10     | Noticed a meliai
  9784 | D:10     | Reached ***** piety under Trog
  9785 | D:10     | Killed a meliai
  9785 | D:10     | Reached XP level 10. HP: 70/91 MP: 9/9
 10402 | D:10     | Noticed a deep elf mage
 10414 | D:10     | Killed a deep elf mage
 10719 | D:11     | Reached skill level 10 in Axes
 10827 | D:11     | Reached skill level 10 in Fighting
 10835 | D:11     | Noticed Maurice
 10844 | D:11     | Killed Maurice
 11162 | D:11     | Noticed a green ugly thing
 11167 | D:11     | Reached skill level 10 in Armour
 11181 | D:11     | Killed a green ugly thing
 11188 | D:11     | Received a gift from Trog
 11273 | D:11     | Found a staircase to the Lair.
 11432 | D:11     | Noticed a two-headed ogre
 11447 | D:11     | Killed a two-headed ogre
 11447 | D:11     | Reached skill level 11 in Axes
 11447 | D:11     | Reached XP level 11. HP: 101/101 MP: 10/10
 11495 | D:11     | Noticed a purple ugly thing
 11506 | D:11     | Killed a purple ugly thing
 11799 | Lair:1   | Entered Level 1 of the Lair of Beasts
 12042 | Lair:1   | Noticed Gastronok
 12066 | Lair:1   | Killed Gastronok
 12066 | Lair:1   | Reached skill level 10 in Dodging
 12190 | Lair:1   | Reached skill level 12 in Axes
 13602 | Lair:3   | Demolished by a spiny frog

Skill      XL: |  1  2  3  4  5  6  7  8  9 10 11 |
---------------+----------------------------------+-----
Fighting       | 4 5 6 7 9 10 11 | 11.6
Axes           | 4 5 6 7 9 11 12 | 12.9
Armour         | 3 4 6 7 8 10 11 | 11.3
Dodging        | 3 4 5 6 8 9 10 | 10.5

Action                   |  1- 3 |  4- 6 |  7- 9 | 10-12 || total
-------------------------+-------+-------+-------+-------++-------
Melee: Hand axe          |    47 |       |   238 |   120 ||   405
       Headbutt          |    18 |    22 |    63 |    62 ||   165
       Whip              |    19 |    86 |    91 |       ||   196
       Unarmed           |       |       |     4 |       ||     4
       Battleaxe         |       |       |       |   126 ||   126
Invok: Berserk           |       |     1 |     2 |     5 ||     8
       Trog's Hand       |       |       |       |     1 ||     1
       Brothers in Arms  |       |       |       |     1 ||     1
  Use: Scroll            |       |       |       |    11 ||    11
 Stab: Sleeping          |       |     1 |     1 |       ||     2
  Eat: Chunk             |     1 |     8 |    19 |    14 ||    42
       Ration            |       |       |     1 |     1 ||     2
Armor: Animal skin       |     5 |    21 |    55 |       ||    81
       Chain mail        |       |       |    35 |   121 ||   156
Dodge: Dodged            |    40 |    60 |   211 |   211 ||   522
